3L
QUEBEC CITY LES BLEUS @ OAKLAND OAKS
08/07/2034
 
TOP OF THE 1ST
Quebec City Les Bleus batting - Pitching for Oakland Oaks : RHP Wally Copeland
Pitching: RHP Wally Copeland
Batting: LHB Jeff Simpson 0-0: Ball
1-0: Ball
2-0: Foul Ball, location: 2F
2-1: Ball
3-1: Base on Balls
Batting: RHB Paul Tate 0-0: Ball
1-0: Called Strike
1-1: Called Strike
Jeff Simpson is caught stealing 2nd base
1-2: Ball
2-2: Strikes out swinging
Batting: RHB Kameron Guangorena 0-0: Ball
1-0: SINGLE (Groundball, 34S) (infield hit)
Batting: LHB Palaie Gaoteote 0-0: Ball
1-0: Called Strike
1-1: Foul Ball, location: 2F
1-2: Strikes out looking
Top of the 1st over - 0 runs, 1 hit, 0 errors, 1 left on base; Quebec City 0 - Oakland 0
BOTTOM OF THE 1ST
Oakland Oaks batting - Pitching for Quebec City Les Bleus : RHP Itsa Sandwich
Pitching: RHP Itsa Sandwich
Batting: RHB Alfonso Nazario 0-0: Called Strike
0-1: Foul Ball, location: 2F
0-2: Strikes out swinging
Batting: RHB Yehonatan Chazan 0-0: Called Strike
0-1: Ground out 4-3 (Groundball, 4)
Batting: SHB Luis Luquín 0-0: Called Strike
0-1: Ball
1-1: Ball
2-1: Called Strike
2-2: Ground out 4-3 (Groundball, 4M)
Bottom of the 1st over - 0 runs, 0 hits, 0 errors, 0 left on base; Quebec City 0 - Oakland 0
TOP OF THE 2ND
Quebec City Les Bleus batting - Pitching for Oakland Oaks : RHP Wally Copeland
Batting: LHB Scott Janousek 0-0: Called Strike
0-1: Called Strike
0-2: Strikes out swinging
Batting: RHB Kumanosuke Asano 0-0: Ball
1-0: Ball
2-0: Ball
3-0: Called Strike
3-1: Called Strike
3-2: Ground out 6-3 (Groundball, 6)
Batting: RHB Cam MacIntosh 0-0: Swinging Strike
0-1: SINGLE (Line Drive, 6D)
Batting: RHB Reg Spiers 0-0: Called Strike
Cam MacIntosh is caught stealing 2nd base
Top of the 2nd over - 0 runs, 1 hit, 0 errors, 0 left on base; Quebec City 0 - Oakland 0
BOTTOM OF THE 2ND
Oakland Oaks batting - Pitching for Quebec City Les Bleus : RHP Itsa Sandwich
Batting: LHB Obidiah Lewis 0-0: Called Strike
0-1: Swinging Strike
0-2: Foul Ball, location: 2F
0-2: Ball
1-2: Ball
2-2: Foul Ball, location: 2F
2-2: Strikes out swinging
Batting: RHB Raúl Chávez 0-0: Foul Ball, location: 2F
0-1: DOUBLE (Line Drive, 78D)
Batting: RHB Mike Wazowski 0-0: Foul Ball, location: 2F
0-1: Ball
1-1: Called Strike
1-2: Ball
2-2: Ball
3-2: Ground out 5-3 (Groundball, 5)
Batting: RHB Esteban Vázquez 0-0: Called Strike
0-1: Called Strike
0-2: Foul Ball, location: 2F
0-2: Ball
1-2: Foul Ball, location: 2F
1-2: Ball
2-2: Foul Ball, location: 2F
2-2: Strikes out swinging, 2-3 out at first.
Bottom of the 2nd over - 0 runs, 1 hit, 0 errors, 1 left on base; Quebec City 0 - Oakland 0
TOP OF THE 3RD
Quebec City Les Bleus batting - Pitching for Oakland Oaks : RHP Wally Copeland
Batting: RHB Reg Spiers 0-0: Ball
1-0: Ground out 6-3 (Groundball, 6S)
Batting: RHB Stan Pagnotta 0-0: Ball
1-0: Ball
2-0: Ball
3-0: Called Strike
3-1: Called Strike
3-2: Fly out, F9 (Flyball, 89S)
Batting: LHB Jeff Simpson 0-0: Ground out 1-3 (Groundball, P)
Top of the 3rd over - 0 runs, 0 hits, 0 errors, 0 left on base; Quebec City 0 - Oakland 0
BOTTOM OF THE 3RD
Oakland Oaks batting - Pitching for Quebec City Les Bleus : RHP Itsa Sandwich
Batting: RHB Cristián Coronado 0-0: SINGLE (Groundball, 56D)
Batting: RHB José Vargas 0-0: Called Strike
Cristián Coronado steals 2nd base
0-1: Called Strike
0-2: Ground out 4-3 (Groundball, 4MS)
Cristián Coronado to third
Batting: RHB Alfonso Nazario 0-0: Ball
1-0: Called Strike
1-1: Foul Ball, location: 2F
1-2: Ball
2-2: Ball
3-2: Foul Ball, location: 2F
3-2: SINGLE (Groundball, 56D)
Cristián Coronado scores
Batting: RHB Yehonatan Chazan 0-0: Ball
1-0: Foul Ball, location: 2F
1-1: Foul Ball, location: 2F
1-2: Ball
Wild Pitch!
Alfonso Nazario to second
2-2: Foul Ball, location: 2F
2-2: Foul Ball, location: 2F
2-2: SINGLE (Flyball, 7S)
Alfonso Nazario to third
Runner from 3rd tries for Home, SAFE, no throw
Batting: SHB Luis Luquín 0-0: Ball
1-0: Called Strike
1-1: Called Strike
1-2: Ground out 6-3 (Groundball, 6M)
Yehonatan Chazan to second
Batting: LHB Obidiah Lewis 0-0: Called Strike
0-1: Ball
1-1: Ball
2-1: Ground out 4-3 (Groundball, 4)
Bottom of the 3rd over - 2 runs, 3 hits, 0 errors, 1 left on base; Quebec City 0 - Oakland 2
TOP OF THE 4TH
Quebec City Les Bleus batting - Pitching for Oakland Oaks : RHP Wally Copeland
Batting: RHB Paul Tate 0-0: Swinging Strike
0-1: Ball
1-1: Foul Ball, location: 2F
1-2: Ball
2-2: Ball
3-2: Ground out U3 (Groundball, 3L)
Batting: RHB Kameron Guangorena 0-0: Ball
1-0: Ball
2-0: Foul Ball, location: 2F
2-1: Called Strike
2-2: Foul Ball, location: 2F
2-2: Strikes out swinging
Batting: LHB Palaie Gaoteote 0-0: Ball
1-0: Ground out 4-3 (Groundball, 34)
Top of the 4th over - 0 runs, 0 hits, 0 errors, 0 left on base; Quebec City 0 - Oakland 2
BOTTOM OF THE 4TH
Oakland Oaks batting - Pitching for Quebec City Les Bleus : RHP Itsa Sandwich
Batting: RHB Raúl Chávez 0-0: Ground out 5-3 (Groundball, 56)
Batting: RHB Mike Wazowski 0-0: Ball
1-0: Ball
2-0: Called Strike
2-1: Ball
3-1: Base on Balls
Batting: RHB Esteban Vázquez 0-0: Foul Ball, location: 2F
0-1: Called Strike
0-2: Grounds into double play, 3-6-3 (Groundball, 3)
Bottom of the 4th over - 0 runs, 0 hits, 0 errors, 0 left on base; Quebec City 0 - Oakland 2
TOP OF THE 5TH
Quebec City Les Bleus batting - Pitching for Oakland Oaks : RHP Wally Copeland
Batting: LHB Scott Janousek 0-0: Ball
1-0: Foul Ball, location: 2F
1-1: Called Strike
1-2: SINGLE (Groundball, 34D)
Batting: RHB Kumanosuke Asano 0-0: Called Strike
0-1: Grounds into double play, 5-4-3 (Groundball, 56)
Batting: RHB Cam MacIntosh 0-0: Ball
1-0: Called Strike
1-1: Ball
2-1: Swinging Strike
2-2: Ball
3-2: Strikes out swinging
Top of the 5th over - 0 runs, 1 hit, 0 errors, 0 left on base; Quebec City 0 - Oakland 2
BOTTOM OF THE 5TH
Oakland Oaks batting - Pitching for Quebec City Les Bleus : RHP Itsa Sandwich
Batting: RHB Cristián Coronado 0-0: Called Strike
0-1: Foul Ball, location: 2F
0-2: Ball
1-2: Ball
2-2: DOUBLE (Groundball, 5L)
Batting: RHB José Vargas 0-0: Ball
1-0: Ball
2-0: Foul Ball, location: 2F
2-1: Fly out, F9 (Flyball, 89M)
Runner from 2nd tags up, SAFE at 3rd with throw
Batting: RHB Alfonso Nazario 0-0: Called Strike
0-1: Ball
1-1: Foul Ball, location: 2F
1-2: Foul Ball, location: 2F
1-2: Strikes out swinging
Batting: RHB Yehonatan Chazan 0-0: Ball
1-0: Swinging Strike
1-1: Called Strike
1-2: Foul Ball, location: 2F
1-2: Ball
Wild Pitch!
Cristián Coronado scores
2-2: Foul Ball, location: 2F
2-2: Ball
3-2: Base on Balls
Batting: SHB Luis Luquín 0-0: Ball
Yehonatan Chazan is caught stealing 2nd base
Bottom of the 5th over - 1 run, 1 hit, 0 errors, 0 left on base; Quebec City 0 - Oakland 3
TOP OF THE 6TH
Quebec City Les Bleus batting - Pitching for Oakland Oaks : RHP Wally Copeland
Batting: RHB Reg Spiers 0-0: Ball
1-0: Ball
2-0: Foul Ball, location: 2F
2-1: Called Strike
2-2: Strikes out looking
Batting: RHB Stan Pagnotta 0-0: Swinging Strike
0-1: Swinging Strike
0-2: Ball
1-2: Strikes out swinging
Batting: LHB Jeff Simpson 0-0: Ball
1-0: SINGLE (Flyball, 7LS)
Batting: RHB Paul Tate 0-0: Called Strike
0-1: Called Strike
0-2: SINGLE (Line Drive, 4)
Jeff Simpson to second
Jeff Simpson to third
Batting: RHB Kameron Guangorena 0-0: Called Strike
0-1: Swinging Strike
0-2: Ball
1-2: Foul Ball, location: 2F
1-2: Foul Ball, location: 2F
1-2: Strikes out swinging
Top of the 6th over - 0 runs, 2 hits, 0 errors, 2 left on base; Quebec City 0 - Oakland 3
BOTTOM OF THE 6TH
Oakland Oaks batting - Pitching for Quebec City Les Bleus : RHP Itsa Sandwich
Batting: SHB Luis Luquín 0-0: Swinging Strike
0-1: Ball
1-1: Ball
2-1: SINGLE (Groundball, 4MD)
Pitching: RHP Ralph Haggerty
Batting: LHB Obidiah Lewis 0-0: Swinging Strike
0-1: Ball
1-1: Ball
Luis Luquín steals 2nd base
2-1: Ball
3-1: Base on Balls
Batting: RHB Raúl Chávez 0-0: SINGLE (Flyball, 9S)
Luis Luquín to third
Obidiah Lewis to second
Runner from 3rd tries for Home, SAFE, no throw
Batting: RHB Mike Wazowski 0-0: Swinging Strike
0-1: Ball
1-1: Ball
2-1: Ball
3-1: Foul Ball, location: 2F
3-2: SINGLE (Groundball, 6D)
Obidiah Lewis to third
Raúl Chávez to second
Batting: RHB Esteban Vázquez 0-0: Swinging Strike
0-1: Ball
1-1: Grounds into fielders choice 6-2 (Groundball, 6)
Raúl Chávez to third
Mike Wazowski to second
Batting: RHB Cristián Coronado 0-0: Called Strike
0-1: Ball
1-1: Fly out, F7 (Line Drive, 7)
Runner from 3rd tags up, SCORES, throw made
Batting: RHB José Vargas 0-0: SINGLE (Groundball, 6MD)
Mike Wazowski to third
Esteban Vázquez to second
Runner from 3rd tries for Home, throw and OUT!
Bottom of the 6th over - 2 runs, 4 hits, 0 errors, 2 left on base; Quebec City 0 - Oakland 5
TOP OF THE 7TH
Quebec City Les Bleus batting - Pitching for Oakland Oaks : RHP Wally Copeland
Batting: LHB Palaie Gaoteote 0-0: Foul Ball, location: 2F
0-1: Called Strike
0-2: Ball
1-2: Ball
2-2: Strikes out looking
Batting: LHB Scott Janousek 0-0: Foul Ball, location: 2F
0-1: Foul Ball, location: 2F
0-2: Ball
1-2: Strikes out swinging
Batting: RHB Kumanosuke Asano 0-0: Called Strike
0-1: Fly out, F7 (Flyball, 7)
Top of the 7th over - 0 runs, 0 hits, 0 errors, 0 left on base; Quebec City 0 - Oakland 5
BOTTOM OF THE 7TH
Oakland Oaks batting - Pitching for Quebec City Les Bleus : RHP Ralph Haggerty
Batting: RHB Alfonso Nazario 0-0: Ball
1-0: Ground out 6-3 (Groundball, 6)
Batting: RHB Yehonatan Chazan 0-0: Foul Ball, location: 2F
0-1: Ball
1-1: Called Strike
1-2: Ball
2-2: Ball
3-2: Foul Ball, location: 2F
3-2: Fly out, F4 (Popup, 4D)
Batting: SHB Luis Luquín 0-0: Called Strike
0-1: Ball
1-1: SINGLE (Line Drive, 8LS)
Batting: LHB Obidiah Lewis 0-0: Fly out, F9 (Flyball, 9LSF)
Bottom of the 7th over - 0 runs, 1 hit, 0 errors, 1 left on base; Quebec City 0 - Oakland 5
TOP OF THE 8TH
Quebec City Les Bleus batting - Pitching for Oakland Oaks : RHP Wally Copeland
Batting: RHB Cam MacIntosh 0-0: Ball
1-0: Foul Ball, location: 2F
1-1: Ball
2-1: Called Strike
2-2: Fly out, F8 (Flyball, 78D)
Pitching: RHP Pedro Rodríguez
Batting: RHB Reg Spiers 0-0: Ball
1-0: Foul Ball, location: 2F
1-1: Foul Ball, location: 2F
1-2: Strikes out looking
Batting: RHB Stan Pagnotta 0-0: Called Strike
0-1: Foul Ball, location: 2F
0-2: Ball
1-2: Ball
2-2: Ball
3-2: Strikes out swinging
Top of the 8th over - 0 runs, 0 hits, 0 errors, 0 left on base; Quebec City 0 - Oakland 5
BOTTOM OF THE 8TH
Oakland Oaks batting - Pitching for Quebec City Les Bleus : RHP Ralph Haggerty
Batting: RHB Raúl Chávez 0-0: Swinging Strike
0-1: Called Strike
0-2: Foul Ball, location: 2F
0-2: Ball
1-2: Ground out 5-3 (Groundball, 56S)
Batting: RHB Mike Wazowski 0-0: Foul Ball, location: 2F
0-1: Swinging Strike
0-2: Ball
1-2: Strikes out swinging
Batting: RHB Esteban Vázquez 0-0: Ball
1-0: Ball
2-0: Ball
3-0: Base on Balls
Batting: RHB Cristián Coronado 0-0: Called Strike
0-1: Fly out, F7 (Line Drive, 78D)
Bottom of the 8th over - 0 runs, 0 hits, 0 errors, 1 left on base; Quebec City 0 - Oakland 5
TOP OF THE 9TH
Quebec City Les Bleus batting - Pitching for Oakland Oaks : RHP Pedro Rodríguez
Batting: LHB Jeff Simpson 0-0: Foul Ball, location: 2F
0-1: Ball
1-1: Ball
2-1: Foul Ball, location: 2F
2-2: Strikes out looking
Batting: RHB Paul Tate 0-0: Called Strike
0-1: Ball
1-1: Foul Ball, location: 2F
1-2: Strikes out swinging
Batting: RHB Kameron Guangorena 0-0: Ball
1-0: Called Strike
1-1: Called Strike
1-2: Strikes out swinging
Top of the 9th over - 0 runs, 0 hits, 0 errors, 0 left on base; Quebec City 0 - Oakland 5
Friday, March 29th, 2019 - OOTP Baseball 18.8 Build 76